 Dungeon Sprint DCSS version 0.32-a0-918-g0f22ef8d61 (webtiles) character file.

Game seed: 11331710325516779295

7191 Griffin23 the Fencer (level 10, -3/104 HPs)
             Began as a Minotaur Fighter on Apr 11, 2024.
             Was a High Priest of Trog.
             Succumbed to Urug's poison
             ... in the Dungeon (Sprint III: "The Ten Rune Challenge").
             The game lasted 00:10:06 (3027 turns).

Griffin23 the Fencer (Minotaur Fighter)             Turns: 3027, Time: 00:10:07

Health: -3/104     AC: 13    Str: 25    XL:     10   Next: 87%
Magic:  9/9        EV:  8    Int:  8    God:    Trog [*****.]
Gold:   1204       SH:  8    Dex: 16    Spells: 9/9 levels left

rFire   . . .        l - +5 scimitar
rCold   . . .        c - +0 buckler
rNeg    . . .        f - +0 chain mail
rPois   .            (helmet restricted)
rElec   .            (no cloak)
rCorr   .            (no gloves)
SInv    .            (no boots)
Will    ++...        (no amulet) Stlth
                     k - ring of wizardry
HPRegen 1.37/turn    m - ring "Usowit" {Int+3 Dex+6}
MPRegen 0.11/turn

%: no teleportation, wizardry (x1)
@: lethally poisoned (-3 -> -30), strong-willed, regenerating
A: horns 2, retaliatory headbutt
a: Renounce Religion, Berserk, Trog's Hand, Brothers in Arms


You were in the Dungeon.
You worshipped Trog.
Trog was extremely pleased with you.
You visited 1 branch You collected 1746 gold pieces.
You spent 542 gold pieces at shops.

Inventory:

Hand Weapons
 a - a +0 long sword
 d - a +1 long sword of holy wrath
 l - a +5 scimitar (weapon)
 n - a +1 falchion of flaming
 o - a +4 heavy great sword
Armour
 b - a +0 scale mail
 c - a +0 buckler (worn)
 f - a +0 chain mail (worn)
 j - a +0 plate armour
Jewellery
 k - a ring of wizardry (left hand)
 m - the ring "Usowit" (right hand) {Int+3 Dex+6}
   (You bought it in a shop in the Dungeon)

   [ring of dexterity]

   Int+3:     It affects your intelligence (+3).
   Dex+6:     It affects your dexterity (+6).
Wands
 g - a wand of mindburst (18)
 i - a wand of quicksilver (8)
Potions
 h - 2 potions of magic


   Skills:
 + Level 14.7 Fighting
 * Level 19.4 Long Blades
 + Level 14.8 Armour
 - Level 0.3 Dodging
 - Level 14.3 Shields


You had 9 spell levels left.
You didn't know any spells.
Your spell library contained the following spells:

 Spells                   Type           Power      Damage    Failure   Level
 Sublimation of Blood     Necr           0%         N/A       65%         2
 Sigil of Binding         Hex            0%         N/A       86%         3
 Petrify                  Alch/Erth      0%         N/A       99%         4
 Irradiate                Conj/Alch      0%         3d11      100%        5
 Death Channel            Necr           0%         N/A       100%        6
 Sculpt Simulacrum        Ice/Alch       0%         N/A       100%        6


Dungeon Overview and Level Annotations

Branches:
Dungeon (1/1)

Altars:
Cheibriados
Dithmenos
Elyvilon
Fedhas
Gozag
Hepliaklqana
Kikubaaqudgha
Makhleb
Nemelex Xobeh
Okawaru
Qazlal
Ru
Sif Muna
Trog
Uskayaw
Vehumet
Wu Jian
Xom
Yredelemnul
Zin
The Shining One
Beogh
Jiyva
Lugonu

Shops:
D =

Annotations:
D Urug


Innate Abilities, Weirdness & Mutations

You have a pair of horns on your head.
You reflexively headbutt those who attack you in melee.


Message History

Urug hits you from afar with a +0 demon trident of venom!
You are more poisoned.
Aiming: Mindburst
Press: ? - help, Shift-Dir - straight line, f/p - Urug
Aim: Urug, wielding a +0 demon trident of venom, wearing a +0 scale mail and quivering javelins (lightly wounded, chance to affect: 47%)
Okay, then.
Aiming: Quicksilver Bolt
Press: ? - help, Shift-Dir - straight line, f/p - Urug
Aim: Urug, wielding a +0 demon trident of venom, wearing a +0 scale mail and quivering javelins (lightly wounded, 64% to hit)
The bolt of dispelling energy hits Urug!
Urug is moderately wounded.
You feel very sick.
Urug hits you from afar with a +0 demon trident of venom!
You are more poisoned.
Aiming: Quicksilver Bolt
Press: ? - help, Shift-Dir - straight line, f/p - Urug
Aim: Urug, wielding a +0 demon trident of venom, wearing a +0 scale mail and quivering javelins (moderately wounded, 64% to hit)
The bolt of dispelling energy hits Urug.
Urug is moderately wounded.
You feel extremely sick.
Urug hits you from afar with a +0 demon trident of venom.
Okay, then.
Your iron troll goes berserk!
You feel extremely sick.
Urug hits you from afar with a +0 demon trident of venom!!
* * * LOW HITPOINT WARNING * * *
You are lethally poisoned!
* * * LOW HITPOINT WARNING * * *
You feel extremely sick.
Your skin crawls.
You feel strong-willed.
* * * LOW HITPOINT WARNING * * *
You feel extremely sick.
Your iron troll barely misses Urug.
Your iron troll claws Urug!!
Your iron troll closely misses Urug.
Okay, then.
You aren't carrying any scrolls.
Your skin crawls.
You feel strong-willed.
You die...

....#___#__'...#..)#..#..##..'...
▓▓▓▓▓▓▓▓▓▓▓▓▓▓▓▓▓▓▓▓▓▓▓▓▓▓▓▓▓#..^
≈♣♣.....♣♣♣♣~~~........~~~...#...
~♣♣.≈≈≈≈'♣♣÷♣≈≈≈≈≈≈≈≈≈≈≈≈♣♣..'...
≈~'....÷#.~♣♣♣♣♣♣♣♣♣♣♣♣♣♣♣♣PP#..^
.♣♣♣♣♣♣♣#..♣♣ ♣♣♣##+# ~♣
###'♣♣♣♣♣ ## ♣♣♣♣.##..##
♣...##.##@# ♣♣.##.##o##
♣..#.##T..# ♣♣.##.##.o# ♣♣.##.#
### ♣..)..# #######


You could see Urug (ally target) and a friendly iron troll (summoned, berserk).

Vanquished Creatures
  Erolcha (D)
  A deep elf pyromancer (D)
  2 cane toads (D)
  A rime drake (D)
  A komodo dragon (D)
  2 tyrant leeches (D)
  5 blink frogs (D)
  3 wandering mushrooms (D)
  A shadow (D)
  4 redbacks (D)
  A spatial vortex (D)
  5 orc warriors (D)
  A swamp drake (D)
  5 two-headed ogres (D)
  A weeping skull (D)
  A water elemental (D)
  A burial acolyte (D)
  A wight (D)
  A jelly (D)
  An orc priest (D)
  Jessica (D)
  An orc wizard (D)
  3 humans (D)
  A kobold demonologist (D)
  A phantom (D)
  11 orcs (D)
  An endoplasm (D)
  2 rats (D)
60 creatures vanquished.

Vanquished Creatures (collateral kills)
  A lindwurm (D)
  A redback (D)
2 creatures vanquished.

Grand Total: 62 creatures vanquished

Notes
Turn   | Place    | Note
-------+----------+-------------------------------------------
     0 | D        | Griffin23 the Minotaur Fighter began the quest for the Orb.
     0 | D        | Reached XP level 1. HP: 19/19 MP: 0/0
    50 | D        | Noticed Jessica
    55 | D        | Killed Jessica
    56 | D        | Reached skill level 3 in Long Blades
    56 | D        | Reached skill level 5 in Armour
    56 | D        | Reached skill level 5 in Shields
    56 | D        | Reached XP level 2. HP: 15/28 MP: 1/1
   117 | D        | Reached skill level 5 in Fighting
   117 | D        | Reached XP level 3. HP: 34/36 MP: 2/2
   141 | D        | Reached skill level 4 in Long Blades
   231 | D        | Noticed a water elemental
   237 | D        | Killed a water elemental
   238 | D        | Reached skill level 6 in Long Blades
   238 | D        | Reached XP level 4. HP: 16/44 MP: 3/3
   248 | D        | Found a radiant altar of Vehumet.
   248 | D        | Found a shimmering blue altar of Sif Muna.
   248 | D        | Found an ancient bone altar of Kikubaaqudgha.
   251 | D        | Reached skill level 7 in Long Blades
   251 | D        | Reached XP level 5. HP: 20/51 MP: 4/4
   272 | D        | Found a glowing silver altar of Zin.
   272 | D        | Found a glowing golden altar of the Shining One.
   272 | D        | Found a white marble altar of Elyvilon.
   273 | D        | Noticed a deep elf pyromancer
   276 | D        | Noticed a fire elemental
   276 | D        | Noticed a fire elemental
   278 | D        | Killed a deep elf pyromancer
   279 | D        | Reached skill level 11 in Long Blades
   279 | D        | Reached XP level 6. HP: 32/63 MP: 5/5
   279 | D        | Reached XP level 7. HP: 35/70 MP: 6/6
   433 | D        | Found a hide-covered altar of Uskayaw.
   433 | D        | Found a roughly hewn altar of Beogh.
   433 | D        | Found an iron altar of Okawaru.
   433 | D        | Found a bloodstained altar of Trog.
   433 | D        | Found an ornate altar of the Wu Jian Council.
   433 | D        | Noticed a human
   434 | D        | Noticed a human
   447 | D        | Killed a human
   448 | D        | Reached skill level 12 in Long Blades
   448 | D        | Reached skill level 10 in Shields
   456 | D        | Killed a human
   457 | D        | Reached skill level 10 in Fighting
   457 | D        | Reached skill level 10 in Armour
   608 | D        | Became a worshipper of Trog the Wrathful
   617 | D        | Found a basalt altar of Yredelemnul.
   617 | D        | Found a shadowy altar of Dithmenos.
   617 | D        | Found a sacrificial altar of Ru.
   626 | D        | Reached XP level 8. HP: 79/79 MP: 7/7
   636 | D        | Reached * piety under Trog
   637 | D        | Reached skill level 13 in Long Blades
   660 | D        | Found a blossoming altar of Fedhas.
   660 | D        | Found a stormy altar of Qazlal.
   660 | D        | Found a snail-covered altar of Cheibriados.
   660 | D        | Found a burning altar of Makhleb.
   660 | D        | Found a shimmering altar of Xom.
   661 | D        | Found a hazy altar of Hepliaklqana.
   661 | D        | Found an opulent altar of Gozag.
   661 | D        | Found a sparkling altar of Nemelex Xobeh.
   661 | D        | Found a corrupted altar of Lugonu.
   661 | D        | Found a viscous altar of Jiyva.
   696 | D        | Reached ** piety under Trog
   743 | D        | HP: 2/81 [two-headed ogre/+0 giant club (11)]
   756 | D        | Reached skill level 14 in Long Blades
  1087 | D        | Noticed a two-headed ogre
  1093 | D        | Killed a two-headed ogre
  1132 | D        | Noticed Erolcha
  1132 | D        | Noticed a two-headed ogre
  1138 | D        | Killed Erolcha
  1138 | D        | Reached *** piety under Trog
  1139 | D        | Reached skill level 15 in Long Blades
  1139 | D        | Reached XP level 9. HP: 90/90 MP: 8/8
  1142 | D        | Killed a two-headed ogre
  1471 | D        | Reached skill level 16 in Long Blades
  1547 | D        | Reached **** piety under Trog
  1557 | D        | Reached ***** piety under Trog
  1592 | D        | Received a gift from Trog
  1737 | D        | Found Ehiplem's Jewellery Emporium.
  1788 | D        | Bought the ring "Usowit" {Int+3 Dex+6} for 542 gold pieces
  1874 | D        | Noticed a wandering mushroom
  1883 | D        | Noticed a wandering mushroom
  1887 | D        | Noticed a wandering mushroom
  1906 | D        | Received a gift from Trog
  1907 | D        | Reached skill level 17 in Long Blades
  2010 | D        | Noticed a cane toad
  2010 | D        | Noticed a komodo dragon
  2010 | D        | Noticed a cane toad
  2015 | D        | Killed a cane toad
  2016 | D        | Reached XP level 10. HP: 101/101 MP: 9/9
  2020 | D        | Killed a cane toad
  2020 | D        | Reached ****** piety under Trog
  2079 | D        | Reached skill level 18 in Long Blades
  2108 | D        | Received a gift from Trog
  2883 | D        | Noticed a lindwurm
  2891 | D        | Killed a lindwurm
  2891 | D        | Received a gift from Trog
  2892 | D        | Reached skill level 19 in Long Blades
  3020 | D        | Noticed Urug
  3026 | D        | HP: 5/104 [poisoned by Urug]
  3027 | D        | Succumbed to Urug's poison

Illustrated notes

Levels and vault maps discovered:
D:        dungeon_sprint_mu [sprint_mu_entry_cave, sprint_mu_temple_rooms,
          sprint_mu_d1_spiders, sprint_mu_d2_genie, sprint_mu_d3_branching,
          sprint_mu_orc_legion, sprint_mu_elf_gauntlet, sprint_mu_hive_nellie,
          sprint_mu_lair_fedhas, sprint_mu_vaults_butterflies,
          sprint_mu_slime_circle, sprint_mu_swamp_cave, sprint_mu_shoals_kraken,
          sprint_mu_blade_basic, sprint_mu_crypt_chambers,
          sprint_mu_tomb_spiral, sprint_mu_vestibule_basic,
          sprint_mu_gehenna_hellfire, sprint_mu_dis_giant,
          sprint_mu_tartarus_statrot, sprint_mu_cocytus_islands, sprint_mu_zot1]

Skill      XL: |  1  2  3  4  5  6  7  8  9 10 |
---------------+-------------------------------+-----
Shields        | 5 6 7 9 10 12 13 14 | 14.3
Fighting       | 4 5 6 9 10 12 13 14 | 14.7
Long Blades    | 3 6 7 11 12 15 17 19 | 19.4
Armour         | 5 6 9 10 12 13 14 | 14.8
Dodging        | |  0.3

Action                     |  1- 3 |  4- 6 |  7- 9 | 10-12 || total
---------------------------+-------+-------+-------+-------++-------
  Melee: Long sword        |    28 |     9 |   128 |       ||   165
         Headbutt          |     4 |     4 |    36 |    13 ||    57
         Scimitar          |       |       |    29 |    64 ||    93
 Invoke: Berserk           |       |       |     4 |     1 ||     5
         Trog's Hand       |       |       |       |     2 ||     2
         Brothers in Arms  |       |       |       |     2 ||     2
  Evoke: Wand              |       |       |     4 |     7 ||    11
    Use: Potion            |     1 |     1 |     3 |     1 ||     6
         Scroll            |       |       |     1 |       ||     1
 Armour: Scale mail        |    27 |     5 |    10 |       ||    42
         Chain mail        |       |       |    68 |    39 ||   107
  Dodge: Dodged            |    12 |     1 |    36 |    14 ||    63
  Block: Buckler           |     9 |     1 |    25 |    14 ||    49

Table legend: (Time is in decaauts)
 A = Elapsed time spent in this place.
 B = Non-inter-level travel time spent in this place.
 C = Inter-level travel time spent in this place.
 D = Time resting spent in this place.
 E = Time spent auto-exploring this place.
 F = Levels seen in this place.
 G = Mean time per level.
                   A        B        C        D        E       F      G
               +--------+--------+--------+--------+--------+-----+--------+
         Total |   3014 |   2991 |     23 |   2131 |    160 |   1 | 3014.0 |
       Dungeon |   3014 |   2991 |     23 |   2131 |    160 |   1 | 3014.0 |
               +--------+--------+--------+--------+--------+-----+--------+

Top non-repeatable levels by time:
       D: 3014 daAuts
